 Dungeon Crawl Stone Soup version 0.31-a0-145-g046c7d2549 (webtiles) character file.

Game seed: 1579026372909839286

459 qw the Skirmisher (level 6, -2/52 HPs)
             Began as a Minotaur Hunter on June 7, 2023.
             Slain by Duvessa
             ... wielding a +3 rapier of speed
              (8 damage)
             ... on level 4 of the Dungeon.
             The game lasted 00:01:27 (2818 turns).

qw the Skirmisher (Minotaur Hunter)                 Turns: 2818, Time: 00:01:27

Health: -2/52      AC:  8    Str: 15    XL:     6   Next: 78%
Magic:  0/5        EV: 11    Int:  6    God:
Gold:   148        SH:  0    Dex: 16    Spells: 5/5 levels left

rFire   . . .        Y - +1 shortbow
rCold   . . .        (shield currently unavailable)
rNeg    . . .        k - +0 ring mail
rPois   .            (helmet restricted)
rElec   .            m - +2 cloak
rCorr   .            (no gloves)
SInv    .            (no boots)
Will    .....        i - amulet of guardian spirit
Stlth   +            (no ring)
HPRegen 0.28/turn    (no ring)
MPRegen 0.09/turn

%: guardian spirit
@: lit by a corona, about to teleport, glowing
A: horns 2, retaliatory headbutt
a: no special abilities


You were on level 4 of the Dungeon.
You visited 1 branch of the dungeon, and saw 4 of its levels.
You also visited: Sewer.

You collected 148 gold pieces.


Innate Abilities, Weirdness & Mutations

You have a pair of horns on your head.
You reflexively headbutt those who attack you in melee.


   Skills:
 + Level 4.3 Fighting
 - Level 8.2 Ranged Weapons
 - Level 1.1 Armour
 - Level 2.1 Dodging
 - Level 0.7 Stealth


You had 5 spell levels left.
You didn't know any spells.
Your spell library was empty.

Inventory:

Hand Weapons
 Y - a +1 shortbow (weapon)
Armour
 k - a +0 ring mail (worn)
 m - a +2 cloak (worn)
Jewellery
 i - an amulet of guardian spirit (around neck)
Wands
 b - a wand of digging (3)
Scrolls
 a - a scroll of identify
Potions
 d - 2 potions of mutation
 e - a potion of might {unknown}
 f - a potion of enlightenment {unknown}
 g - a potion of haste
 h - a potion of curing
 l - a potion of resistance
 o - a potion of heal wounds {unknown}

Dungeon Overview and Level Annotations

Branches:
Dungeon (4/15)              Sewer (visited)
 Temple: D:4-7

Altars:

Shops:
D:3 (

Annotations:
D:3 1 runed translucent door, Crazy Yiuf
D:4 Dowan, Duvessa


Message History

Duvessa is moderately wounded.
You shoot an arrow.
The arrow hits Duvessa but does no damage.
Duvessa is moderately wounded.
Dowan points at you and mumbles some strange words.
The puff of frost misses you.
Duvessa hits you with a +3 rapier of speed!
You shoot an arrow. The arrow hits Duvessa.
Duvessa is heavily wounded.
Dowan casts a spell at you.
You are outlined in light.
Duvessa hits you with a +3 rapier of speed.
Duvessa hits you but does no damage.
You shoot an arrow. The arrow hits Duvessa.
Duvessa is heavily wounded.
Dowan casts a spell.
Dowan blinks!
Duvessa hits you with a +3 rapier of speed.
You shoot an arrow. The arrow hits Duvessa.
Duvessa is severely wounded.
Duvessa hits you with a +3 rapier of speed!
Duvessa hits you with a +3 rapier of speed.
Dowan mumbles some strange words.
Dowan blinks!
You shoot an arrow.
The arrow hits Duvessa but does no damage.
Duvessa is severely wounded.
Duvessa hits you with a +3 rapier of speed.
Duvessa hits you with a +3 rapier of speed!
You shoot an arrow. The arrow hits Duvessa!
Duvessa is almost dead.
Duvessa hits you but does no damage.
Dowan points at you and mumbles some strange words.
The puff of flame hits you!
2818 ||| READING scroll of teleportation.
As you read the scroll of teleportation, it crumbles to dust.
You feel strangely unstable.
Duvessa hits you with a +3 rapier of speed.
Duvessa hits you with a +3 rapier of speed!
You die...

#######
#############....?.#
#.....<.....@e.....#
#...........#......#
#...........#......#
#..<........#.e...>#
#......##...#......#
#.[....##...#......#
#......#....#......#
#......###+##......#
#......


You could see Duvessa and Dowan (empowered).

Vanquished Creatures
  3 kobold brigands (Sewer)
  Terence (D:3)
  Robin (D:3)
  6 gnolls
  3 adders
  2 river rats (D:3)
  2 worms
  2 dart slugs
  2 endoplasms
  3 giant cockroaches
  19 goblins
  4 hobgoblins
  7 jackals
  A quokka (D:2)
  10 ball pythons
  7 bats
  5 frilled lizards
  19 kobolds
  16 rats
113 creatures vanquished.

Notes
Turn   | Place    | Note
-------+----------+-------------------------------------------
     0 | D:1      | qw the Minotaur Hunter began the quest for the Orb.
     0 | D:1      | Reached XP level 1. HP: 18/18 MP: 0/0
     0 | D:1      | 0 ||| qw: Version: 0.2-a-117-gc6b5c8b
     0 | D:1      | 0 ||| qw: Game counter: 2439
     0 | D:1      | 0 ||| qw: Always use a shield: true
     0 | D:1      | 0 ||| qw: God list: Okawaru
     0 | D:1      | 0 ||| qw: Allow faded altars: false
     0 | D:1      | 0 ||| qw: Do Orc after D:15 true
     0 | D:1      | 0 ||| qw: Do second Lair branch before Depths: true
     0 | D:1      | 0 ||| qw: Lair rune preference: random
     0 | D:1      | 0 ||| qw: Plans: Normal
     0 | D:1      | 0 ||| PLANNING D:1-11
   101 | D:1      | 101 ||| Stepping ~*~*~tactically~*~*~ (outnumbered).
   107 | D:1      | Reached XP level 2. HP: 23/25 MP: 1/1
   108 | D:1      | Reached skill level 5 in Ranged Weapons
   270 | D:1      | 270 ||| READING 2 scrolls labelled MILAON GYROMYXT.
   271 | D:1      | 271 ||| READING scroll labelled SAZUZI ELUCE.
   430 | D:1      | Reached skill level 3 in Fighting
   446 | D:1      | 446 ||| UPGRADING to amulet of guardian spirit.
   451 | D:1      | 451 ||| READING scroll labelled QAGO JAUBLEAL.
   454 | D:1      | 454 ||| READING scroll labelled TUEHAH ETOPRIA.
   455 | D:1      | 455 ||| DROPPING scroll of butterflies.
   464 | D:2      | 464 ||| STAIRDANCE
   606 | D:2      | Reached XP level 3. HP: 31/31 MP: 2/2
   641 | D:2      | 641 ||| FLEEEEING.
   642 | D:2      | 642 ||| FLEEEEING.
   740 | D:2      | 740 ||| FLEEEEING.
   741 | D:2      | 741 ||| FLEEEEING.
   742 | D:2      | 742 ||| FLEEEEING.
   744 | D:2      | Reached skill level 6 in Ranged Weapons
   744 | D:2      | Reached XP level 4. HP: 34/38 MP: 3/3
   971 | D:2      | Identified the +14 tower shield of the Catamount {Int+7
                  | Slay-2 SInv Stlth+}
  1201 | D:2      | 1201 ||| UPGRADING to +0 ring mail.
  1211 | D:2      | 1211 ||| DROPPING +0 leather armour.
  1212 | D:2      | 1212 ||| READING scroll labelled HOTSISH ZOSI.
  1213 | D:2      | 1213 ||| DRINKING 2 clear potions.
  1214 | D:2      | 1214 ||| READING 2 scrolls of identify.
  1214 | D:2      | 1214 ||| IDENTIFYING grey potion
  1265 | D:3      | 1265 ||| PLANNING SEWER
  1387 | D:3      | Reached skill level 1 in Armour
  1467 | D:3      | Found a runed translucent door.
  1468 | D:3      | Noticed Crazy Yiuf
  1508 | D:3      | Found Wafeuw's Antique Weapon Boutique.
  1562 | D:3      | Reached XP level 5. HP: 46/46 MP: 4/4
  1562 | D:3      | 1562 ||| UPGRADING to +2 cloak.
  1587 | D:3      | Noticed Robin
  1603 | D:3      | Killed Robin
  1604 | D:3      | 1604 ||| FLEEEEING.
  1605 | D:3      | 1605 ||| FLEEEEING.
  1607 | D:3      | 1607 ||| FLEEEEING.
  1608 | D:3      | 1608 ||| STAIRDANCE
  1665 | D:2      | 1665 ||| DRINKING 2 sedimented golden potions.
  1772 | D:3      | Noticed Terence
  1783 | D:3      | Killed Terence
  1858 | D:3      | Found a glowing drain.
  1859 | D:3      | 1859 ||| Stepping ~*~*~tactically~*~*~ (water).
  1862 | D:3      | 1862 ||| READING 2 scrolls of identify.
  1862 | D:3      | 1862 ||| IDENTIFYING smoky silvery potion
  1863 | D:3      | 1863 ||| DROPPING potion of invisibility.
  1869 | Sewer    | Entered a sewer
  1994 | Sewer    | HP: 8/46 [kobold/+1 short sword of electrocution (9)]
  1995 | Sewer    | 1995 ||| READING 2 scrolls of teleportation.
  1999 | Sewer    | 1999 ||| READING scroll of teleportation.
  2000 | Sewer    | HP: 5/46 [bat (1)]
  2006 | Sewer    | 2006 ||| Stepping ~*~*~tactically~*~*~ (water).
  2009 | Sewer    | HP: 4/46 [giant cockroach (1)]
  2011 | Sewer    | Reached skill level 7 in Ranged Weapons
  2021 | Sewer    | 2021 ||| FLEEEEING.
  2189 | Sewer    | Reached XP level 6. HP: 42/52 MP: 3/5
  2404 | Sewer    | Reached skill level 8 in Ranged Weapons
  2430 | Sewer    | 2430 ||| READING scroll labelled UFFIUCH GASULA.
  2431 | Sewer    | 2431 ||| READING scroll labelled CITTIRIHAS.
  2432 | Sewer    | 2432 ||| DRINKING 2 bubbling yellow potions.
  2433 | Sewer    | 2433 ||| DROPPING potion of brilliance.
  2437 | D:3      | 2437 ||| PLANNING D:1-11
  2807 | D:4      | Noticed Duvessa
  2807 | D:4      | Noticed Dowan
  2817 | D:4      | HP: 8/52 [Dowan/puff of flame (8)]
  2818 | D:4      | 2818 ||| READING scroll of teleportation.
  2818 | D:4      | Slain by Duvessa

Levels and vault maps discovered:
D:1:      heliophobic_arrival_enchanted_forest, layout_basic,
          grunt_decor_one_mirror
D:2:      minmay_alternating_diamond, layout_basic
D:3:      layout_loops_ring, serial_shops, shop, portal_sewer_entry_e,
          uniq_terence, uniq_robin, uniq_crazy_yiuf_cottage
D:4:      layout_gridville, lemuel_round_altar,
          minmay_temple_entry_proselytizer, uniq_duvessa

Skill      XL: |  1  2  3  4  5  6 |
---------------+-------------------+-----
Ranged Weapons | 5 6 7 8 |  8.2
Fighting       | 3 4 |  4.3
Armour         | 1 |  1.1
Dodging        | |  2.1
Stealth        | |  0.7

Action                     |  1- 3 |  4- 6 || total
---------------------------+-------+-------++-------
   Fire: Shortbow          |    89 |   235 ||   324
    Use: Scroll            |     4 |     8 ||    12
         Potion            |       |     3 ||     3
 Armour: Leather armour    |     3 |     5 ||     8
         Ring mail         |       |    63 ||    63
  Dodge: Dodged            |    21 |   113 ||   134

Table legend:
 A = Non-vault XP
 B = Vault XP
 C = Vault XP percentage of total XP
 D = Non-vault monster count
 E = Vault monster count
 F = Vault count percentage of total count
                 A         B        C        D         E       F
            +---------+---------+-------+---------+---------+-------
      Total |     220 |     437 |  66.5 |      61 |      52 |  46.0
            +---------+---------+-------+---------+---------+-------
        D:1 |      36 |       0 |   0.0 |      20 |       0 |   0.0
        D:2 |      99 |       2 |   2.0 |      21 |       2 |   8.7
        D:3 |      83 |     105 |  55.9 |      19 |      20 |  51.3
        D:4 |       2 |       0 |   0.0 |       1 |       0 |   0.0
      Sewer |       0 |     330 | 100.0 |       0 |      30 | 100.0
            +---------+---------+-------+---------+---------+-------
